 Dungeon Crawl Stone Soup version 0.29.1-2-gbd0b4ee654 (webtiles) character file.

Game seed: 10483802307458232302

30 Lutefisk the Vexing (level 3, -1/28 HPs)
             Began as a Formicid Arcane Marksman on Oct 28, 2022.
             Slain by a gnoll
             ... wielding a +0 flail
              (4 damage)
             ... on level 3 of the Dungeon.
             The game lasted 00:04:03 (1171 turns).

Lutefisk the Vexing (Formicid Arcane Marksman)      Turns: 1171, Time: 00:04:04

Health: -1/28      AC:  3    Str: 14    XL:     3   Next: 35%
Magic:  4/4        EV: 12    Int: 12    God:
Gold:   58         SH:  0    Dex: 16    Spells: 3/4 levels left

rFire   . . .      SeeInvis +   a - +1 sling
rCold   . . .      Faith    .   (no shield)
rNeg    . . .      Spirit   .   d - +0 leather armour
rPois   .          Reflect  .   (helmet unavailable)
rElec   .          Harm     .   (no cloak)
rCorr   .          Rampage  .   (no gloves)
Will    .....                   (no boots)
Stlth   +.........              (no amulet)
HPRegen 0.09/turn               (no ring)
MPRegen 0.09/turn               (no ring)

@: lethally poisoned (-1 -> -3)
A: permanent stasis, dig shafts and tunnels, antennae 3, four strong arms
a: Dig, Shaft Self


You were on level 3 of the Dungeon.
You visited 1 branch of the dungeon, and saw 3 of its levels.

You collected 58 gold pieces.

Inventory:

Hand Weapons
 a - a +1 sling (weapon)
 c - a +0 short sword
 e - a +0 dagger
Armour
 d - a +0 leather armour (worn)
Magical Staves
 h - a staff of cold
Scrolls
 b - a scroll of poison
 f - a scroll of torment {unknown}
 g - a scroll of magic mapping {unknown}
 i - a scroll of identify
 j - 3 scrolls of teleportation


   Skills:
 * Level 2.3 Fighting
 * Level 2.8 Ranged Weapons
 - Level 1.7 Dodging
 * Level 0.8 Stealth
 - Level 1.1 Spellcasting
 - Level 3.6 Hexes


You had 3 spell levels left.
You knew the following spells:

 Your Spells              Type           Power      Damage    Failure   Level
a - Slow                  Hex            36%        N/A       9%          1

Your spell library contained the following spells:

 Spells                   Type           Power      Damage    Failure   Level
 Apportation              Tloc           0%         N/A       36%         1
 Necrotise                Necr           0%         1d4       36%         1
 Summon Small Mammal      Summ           0%         N/A       36%         1
 Inner Flame              Hex/Fire       5%         N/A       47%         3
 Portal Projectile        Hex/Tloc       10%        N/A       47%         3
 Cause Fear               Hex            4%         N/A       65%         4
 Fulminant Prism          Conj/Hex       2%         3d6       87%         4
 Iskenderun's Mystic Bla  Conj/Tloc      0%         2d3       98%         4
 Lee's Rapid Deconstruct  Erth           0%         3d5*      100%        5


Dungeon Overview and Level Annotations

Branches:
Dungeon (3/15)

Altars:

Annotations:
D:2 Sigmund, Terence


Innate Abilities, Weirdness & Mutations

You cannot be hasted, slowed, berserked, paralysed or teleported.
You can dig through walls and to a lower floor.
You have a pair of large antennae on your head. (SInv)
Your four strong arms can wield two-handed weapons with a shield.


Message History

A gnoll comes into view. It is wielding a +0 halberd.
You shoot a sling bullet.
The sling bullet barely misses the adder.
The gnoll shouts!
The sling bullet hits the gnoll!
The gnoll is severely wounded.
The adder bites you.
You are poisoned.
The adder poisons you! The gnoll hits you with a +0 club!
The adder barely misses you.
As you read the scroll labelled WEGHER TOUCONAI, it crumbles to dust.
It is a scroll of identify.
j - 3 scrolls of teleportation You feel sick.
The gnoll hits you with a +0 club. The adder bites you but does no damage.
Okay, then.
Unknown command.
Really read the scroll of poison?
The air fills with toxic fumes!
As you read the scroll of poison, it crumbles to dust.
You feel sick. The adder closely misses you. The gnoll closely misses you.
You aren't carrying any potions.
Fire: a) +1 sling
Press: ? - help, Q - select action, (/) - cycle Shift-Dir - straight line, f/p - adder
Aim: an adder (severely wounded, 42% to hit)
You shoot a sling bullet. The sling bullet hits the adder.
The adder is almost dead.
You feel sick. The adder completely misses you.
The gnoll hits you with a +0 club.
* * * LOW HITPOINT WARNING * * *
The adder bites you but does no damage.
Unknown command.
Fire: a) +1 sling
Press: ? - help, Q - select action, (/) - cycle Shift-Dir - straight line, f/p - adder
Aim: an adder (almost dead, 42% to hit)
You shoot a sling bullet. The sling bullet hits the adder.
You kill the adder!
You feel sick. The gnoll closely misses you. x2
The gnoll hits you with a +0 flail.
You die...

.#.#..##....#.#
..... ####...##
.#.# #....# ...
######.#..# ##
#§§§...#### #
######§§#####.
.§##§§§§§§§§§§...)
.§§§§§§§§§§#####..
.§§§§§.g@§§# {
.§§§§§§g§§§#
.§§g§§§§§§§#
.§§§§§§§§§§§§..
.§§§§§§§§§§§§§.
.§§§§§§§§§§§§§§§
.§§§§§§§§§#§§§§§
.§##§§§§§##§§§§§
## ###.... ...


You could see 3 gnolls.

Vanquished Creatures
  An adder (D:3)
  4 ball pythons
  An endoplasm (D:1)
  2 giant cockroaches
  6 hobgoblins
  A bat (D:2)
  2 frilled lizards
  7 goblins
  2 kobolds (D:1)
  2 rats (D:1)
28 creatures vanquished.

Notes
Turn   | Place    | Note
-------+----------+-------------------------------------------
     0 | D:1      | Lutefisk the Formicid Arcane Marksman began the quest for
                  | the Orb.
     0 | D:1      | Reached XP level 1. HP: 15/15 MP: 2/2
   248 | D:1      | Reached XP level 2. HP: 20/21 MP: 3/3
   327 | D:1      | HP: 1/22 [hobgoblin (2)]
   754 | D:2      | Noticed Sigmund
   829 | D:2      | Reached XP level 3. HP: 27/27 MP: 4/4
   900 | D:2      | Noticed Terence
  1171 | D:3      | Slain by a gnoll

Illustrated notes

Levels and vault maps discovered:
D:1:      nzn_arrival_crosshair, layout_basic, ebering_ecumenical_altar_webs
D:2:      layout_rooms, grunt_ministairs_12, st_stairs_8,
          hangedman_feature_mirror, uniq_robin, uniq_terence, uniq_sigmund
D:3:      minmay_general_purpose_star, layout_rooms, serial_glass,
          glass_columns_b, glass_columns_a, minmay_misc_feat_columns,
          grunt_decor_mini_mirrors

Skill      XL: |  1  2 |
---------------+-------+-----
Fighting       | 2 |  2.3
Ranged Weapons | |  2.8
Dodging        | |  1.7
Stealth        | |  0.8
Spellcasting   | |  1.1
Hexes          | |  3.6

Action                   || total
-------------------------++-------
Melee: Dagger            ||    29
 Fire: Sling             ||    89
  Use: Potion            ||     1
       Scroll            ||     2
Armor: Robe              ||     6
       Leather armour    ||     9
Dodge: Dodged            ||    43
